[Event "ICC tourney 1955 (60 10)"]
[Site "Internet Chess Club"]
[Date "2020.08.09"]
[Round "9"]
[White "MysteryHunter"]
[Black "Arsalchess"]
[Result "0-1"]
[ICCResult "White resigns"]
[WhiteElo "1676"]
[BlackElo "2013"]
[Opening "Ruy Lopez: Marshall counter-attack, 11...c6"]
[ECO "C89"]
[NIC "RL.17"]
[Time "18:32:14"]
[TimeControl "3600+10"]

1. e4 e5 2. Nf3 Nc6 3. Bb5 a6 4. Ba4 Nf6 5. O-O Be7 6. Re1 b5 7. Bb3 O-O 8.
c3 d5 9. exd5 Nxd5 10. Nxe5 Nxe5 11. Rxe5 c6 12. d3 Bd6 13. Re1 Bf5 14. g3
Qd7 15. Bc2 Bg4 16. f3 Bh5 17. Kg2 Rae8 18. c4 Nb4 19. Na3 Qf5 20. Rxe8 Rxe8
21. Qf1 bxc4 22. Nxc4 Nxc2 23. Nxd6 Ne1+ 24. Kg1 Qc5+ 25. Qf2 Nxf3+ 26. Kg2
Qxd6 27. Bf4 Qd5 28. Kh3 Qf5+ 29. Kg2 Re2 30. Qxe2 Nh4+ 31. Kf2 Bxe2 32.
Kxe2 Qg4+ 33. Ke3 Ng2+ 34. Kf2 Nxf4 35. gxf4 Qxf4+ 36. Kg1 Qg5+ 37. Kf2 Qf6+
38. Kg1 Qd4+ 39. Kh1 f5 40. Rc1 f4 41. Rc2 Qxd3 42. Rf2 f3 43. Kg1 Qd1+ 44.
Rf1 Qd4+ 45. Rf2 g5 46. h3 g4 47. hxg4 Qxg4+ 48. Kf1 Qh3+ 49. Ke1 Qh4 50. b4
Qxb4+ 51. Kd1 Qd4+ 52. Ke1 Qe3+ 53. Kf1 c5 54. Rc2 Qd3+ 55. Kf2 Qxc2+ 56.
Kxf3 Qxa2 {White resigns} 0-1

[Event "ICC tourney 1955 (60 10)"]
[Site "Internet Chess Club"]
[Date "2020.08.09"]
[Round "9"]
[White "whyyoutrysohard"]
[Black "AJ2000"]
[Result "0-1"]
[ICCResult "White resigns"]
[WhiteElo "1599"]
[BlackElo "1722"]
[Opening "Neo-Grünfeld, 6.cd Nxd5, 7.O-O Nb6"]
[ECO "D76"]
[NIC "KI.80"]
[Time "18:32:04"]
[TimeControl "3600+10"]

1. d4 Nf6 2. c4 g6 3. Nf3 Bg7 4. g3 O-O 5. Bg2 d5 6. cxd5 Nxd5 7. O-O Nb6 8.
Nc3 Nc6 9. d5 Na5 10. Qc2 c6 11. dxc6 Nxc6 12. Rd1 Bd7 13. Be3 Nc4 14. Bc1
Rc8 15. Nd2 Nd4 16. Qd3 Ne5 17. Qb1 Rxc3 {White resigns} 0-1

[Event "ICC tourney 1955 (60 10)"]
[Site "Internet Chess Club"]
[Date "2020.08.09"]
[Round "9"]
[White "mikoyansuren"]
[Black "Baseballchamp"]
[Result "1/2-1/2"]
[ICCResult "Game drawn by mutual agreement"]
[WhiteElo "1819"]
[BlackElo "2048"]
[Opening "Levitsky attack (Queen's bishop attack)"]
[ECO "D00"]
[NIC "QP.08"]
[Time "18:32:44"]
[TimeControl "3600+10"]

1. d4 d5 2. Bg5 Bf5 3. Nf3 f6 4. Bh4 e6 5. e3 Bd6 6. Bd3 Ne7 7. c4 Bxd3 8.
Qxd3 c6 9. O-O O-O 10. Bg3 Bxg3 11. hxg3 Nd7 12. Nc3 Qe8 13. cxd5 exd5 14.
a4 a5 15. Rfe1 Qf7 16. Nd2 Nb6 17. g4 f5 18. gxf5 Nxf5 19. b3 Nxd4 20. exd4
Qxf2+ 21. Kh1 Rf6 22. Re3 Rh6+ 23. Rh3 Rxh3+ 24. gxh3 Re8 25. Rf1 Re1 26.
Rxe1 Qxe1+ 27. Kg2 Qe7 28. Nf3 Nd7 29. Qe2 Qf7 30. Ng5 Qf4 31. Qe6+ Kh8 32.
Nf7+ Kg8 33. Nh6+ Kf8 34. Qg8+ Ke7 35. Qxg7+ Kd6 36. Qg3 Qxg3+ 37. Kxg3 c5
38. Nf7+ Ke7 39. Ng5 cxd4 40. Nxd5+ Kd6 41. Nf4 Nc5
{Game drawn by mutual agreement}
1/2-1/2

[Event "ICC tourney 1955 (60 10)"]
[Site "Internet Chess Club"]
[Date "2020.08.09"]
[Round "9"]
[White "TeeKay2020"]
[Black "taupuri"]
[Result "1-0"]
[ICCResult "Black resigns"]
[WhiteElo "1787"]
[BlackElo "1865"]
[Opening "Caro-Kann: exchange, Rubinstein variation"]
[ECO "B13"]
[NIC "CK.02"]
[Time "18:32:26"]
[TimeControl "3600+10"]

1. e4 c6 2. d4 d5 3. exd5 cxd5 4. Bd3 Nc6 5. c3 Nf6 6. Bf4 Bg4 7. Nf3 e6 8.
h3 Bxf3 9. Qxf3 Bd6 10. O-O Bxf4 11. Qxf4 O-O 12. Nd2 Qd7 13. Rfe1 Rfb8 14.
Nf3 Ne7 15. Ne5 Qe8 16. Ng4 Nxg4 17. Qxg4 g6 18. h4 Qf8 19. h5 Qg7 20. hxg6
hxg6 21. Re3 Kf8 22. Rh3 Ke8 23. Bb5+ Nc6 24. Re1 Kd7 25. Rh5 Kc7 26. Qg3+
Kb6 27. Bxc6 bxc6 28. Rh3 Rh8 29. a4 Rxh3 30. gxh3 Rh8 31. a5+ Kb7 32. Qd6
Qh6 33. a6+ Kc8 34. Qxc6+ Kd8 35. Qa8+ Ke7 36. Qxa7+ Kf6 37. Re3 Qg5+ 38.
Kf1 Qf5 39. Qc7 Rxh3 40. Qe5+ Ke7 41. Qxf5 Rh1+ 42. Kg2 gxf5 43. Kxh1 Kd6
44. a7 {Black resigns} 1-0

[Event "ICC tourney 1955 (60 10)"]
[Site "Internet Chess Club"]
[Date "2020.08.09"]
[Round "9"]
[White "BreatheChessAls"]
[Black "slolla"]
[Result "1-0"]
[ICCResult "Black resigns"]
[WhiteElo "1944"]
[BlackElo "1797"]
[Opening "King's Indian: London system"]
[ECO "A45"]
[NIC "QP.03"]
[Time "18:32:22"]
[TimeControl "3600+10"]

1. d4 Nf6 2. Bf4 g6 3. Nf3 Bg7 4. e3 O-O 5. Be2 d6 6. h3 c5 7. c3 Nbd7 8.
O-O b6 9. Nbd2 Bb7 10. Qb3 Rc8 11. Rad1 Ne4 12. Nxe4 Bxe4 13. Nd2 Bb7 14.
Bf3 Bxf3 15. Nxf3 Nf6 16. Rfe1 cxd4 17. exd4 Qc7 18. Re2 Rfe8 19. Rde1 Qb7
20. Qa3 b5 21. Qb3 Qd5 22. Qxd5 Nxd5 23. Bxd6 Kf8 24. Bc5 Rc7 25. g3 Rec8
26. Ng5 h6 27. Ne4 Nf6 28. Nxf6 Bxf6 29. b4 Rd8 30. Ra1 Rdd7 31. a4 a6 32.
axb5 axb5 33. Ra6 Rb7 34. Rxf6 {Black resigns} 1-0

[Event "ICC tourney 1955 (60 10)"]
[Site "Internet Chess Club"]
[Date "2020.08.09"]
[Round "9"]
[White "playerlucky"]
[Black "sirking2800"]
[Result "0-1"]
[ICCResult "White checkmated"]
[WhiteElo "1904"]
[BlackElo "2017"]
[Opening "King's Indian: Smyslov system"]
[ECO "E61"]
[NIC "KI.76"]
[Time "18:32:18"]
[TimeControl "3600+10"]

1. d4 Nf6 2. Nf3 g6 3. c4 Bg7 4. Nc3 d6 5. Bg5 O-O 6. e3 Nc6 7. Be2 h6 8.
Bh4 e5 9. a3 Qe8 10. O-O Nd7 11. Rc1 f5 12. dxe5 Ndxe5 13. Nd5 Qf7 14. Qc2
Be6 15. Rfd1 Rac8 16. b4 g5 17. Bg3 Ng6 18. Nxc7 Rxc7 19. Bxd6 Rcc8 20. Bxf8
Rxf8 21. Nd4 Nxd4 22. exd4 f4 23. Bd3 Nh4 24. d5 Bg4 25. f3 Bd4+ 26. Kh1
Nxf3 27. Be4 Nxh2 28. Rxd4 Qh5 29. Kg1 f3 30. gxf3 Bxf3 31. Qxh2 Qg4+ 32.
Kf2 Bxe4+ 33. Ke1 Qf3 34. Qg1 Bd3 35. Kd2 Qe2+ 36. Kc3 Rf3 37. b5 Bxc4+ 38.
Kb4 b6 39. Rb1 Bxb5 40. Qc1 a5# {White checkmated} 0-1

[Event "ICC tourney 1955 (60 10)"]
[Site "Internet Chess Club"]
[Date "2020.08.09"]
[Round "9"]
[White "RogerZ"]
[Black "divy7"]
[Result "0-1"]
[ICCResult "White checkmated"]
[WhiteElo "1917"]
[BlackElo "1729"]
[Opening "Caro-Kann: classical, Spassky variation"]
[ECO "B19"]
[NIC "CK.12"]
[Time "18:32:36"]
[TimeControl "3600+10"]

1. e4 c6 2. d4 d5 3. Nc3 dxe4 4. Nxe4 Bf5 5. Ng3 Bg6 6. h4 h6 7. Nf3 Nd7 8.
h5 Bh7 9. Bd3 Bxd3 10. Qxd3 e6 11. Bd2 Ngf6 12. O-O-O Bd6 13. Ne4 Nxe4 14.
Qxe4 Nf6 15. Qe2 Qb6 16. c4 c5 17. Bc3 cxd4 18. Nxd4 O-O 19. Kb1 Bb4 20.
Bxb4 Qxb4 21. g4 Rfc8 22. Rc1 Qc5 23. Nf3 Nxg4 24. Nh4 Qxh5 25. Rcg1 Nf6 26.
Ka1 Qxe2 27. Re1 Qxc4 28. Nf3 Rc6 29. Ne5 Qb4 30. Nxc6 bxc6 31. a3 Qd2 32.
Rd1 Qxf2 33. Rdf1 Qd4 34. Rd1 Qb6 35. Rc1 Rb8 36. Rh2 Ne4 37. Re2 Nc5 38.
Kb1 Na4 39. Rec2 Nxb2 40. Ka1 Nc4 41. Ra2 Nxa3 42. Rf1 Qb1+ 43. Rxb1 Rxb1#
{White checkmated}
0-1

[Event "ICC tourney 1955 (60 10)"]
[Site "Internet Chess Club"]
[Date "2020.08.09"]
[Round "9"]
[White "myqueen"]
[Black "askarkztx"]
[Result "1-0"]
[ICCResult "Black resigns"]
[WhiteElo "2010"]
[BlackElo "2049"]
[Opening "Scotch: Potter variation"]
[ECO "C45"]
[NIC "SO.05"]
[Time "18:32:34"]
[TimeControl "3600+10"]

1. e4 e5 2. Nf3 Nc6 3. d4 exd4 4. Nxd4 Bc5 5. Nb3 Bb6 6. Nc3 Qh4 7. Qe2 d6
8. g3 Qd8 9. Be3 Be6 10. O-O-O Nf6 11. h3 Bxe3+ 12. Qxe3 Bxb3 13. axb3 Qe7
14. Kb1 a6 15. Bg2 O-O 16. f4 Rfe8 17. g4 Nb4 18. g5 Nxe4 19. Qxe4 Qxe4 20.
Bxe4 Rab8 21. Rhe1 g6 22. Nd5 Nxd5 23. Bxd5 c6 24. Bf3 d5 25. h4 Kg7 26. Kc1
h6 27. Kd2 hxg5 28. hxg5 f5 29. Rxe8 Rxe8 30. Re1 Rxe1 31. Kxe1 Kf7 32. Kd2
Ke6 33. Kd3 Kd6 34. c4 Kc5 35. cxd5 cxd5 36. b4+ Kd6 37. Kd4 b6 38. Bxd5 Ke7
39. Bb7 a5 40. bxa5 bxa5 41. Kc5 Kd7 42. Bd5 Ke7 43. Kb5 Kd6 44. Bf7 a4 45.
Bxg6 {Black resigns} 1-0

[Event "ICC tourney 1955 (60 10)"]
[Site "Internet Chess Club"]
[Date "2020.08.09"]
[Round "9"]
[White "karuto2006"]
[Black "hunqapillar"]
[Result "0-1"]
[ICCResult "White resigns"]
[WhiteElo "1769"]
[BlackElo "1872"]
[Opening "Caro-Kann: Tartakower (Nimzovich) variation"]
[ECO "B15"]
[NIC "CK.06"]
[Time "18:32:42"]
[TimeControl "3600+10"]

1. e4 c6 2. d4 d5 3. Nc3 dxe4 4. Nxe4 Nf6 5. Nxf6+ exf6 6. Nf3 Bd6 7. Bc4
O-O 8. O-O b5 9. Bd3 Bg4 10. h3 Bh5 11. c4 Qd7 12. cxb5 cxb5 13. Be4 Nc6 14.
Qd3 Bg6 15. Bxg6 hxg6 16. Qxb5 Rfd8 17. Kh1 Rab8 18. Qe2 Re8 19. Be3 f5 20.
Qd2 Bb4 21. Qc2 Rbc8 22. Qa4 f6 23. Rfd1 Qd5 24. a3 Bd6 25. Rac1 Ne7 26. Rc3
g5 27. Rdc1 Rcd8 28. Qc4 Qxc4 29. Rxc4 g4 30. hxg4 fxg4 31. Nd2 g3 32. fxg3
Nd5 33. Bf4 Nxf4 34. gxf4 Bxf4 35. R1c2 Re2 36. Nf3 Rde8 37. Kg1 Bg3 38.
Rxe2 Rxe2 39. b4 Ra2 40. Rc1 Rxa3 41. d5 Rd3 42. Kf1 Rxd5 43. Rc8+ Kf7 44.
Rc6 Rd1+ 45. Ke2 Rb1 46. Nd2 Rxb4 47. Ra6 Bb8 48. Nf3 Rb6 49. Ra4 Rb2+ 50.
Kf1 Rb7 51. Nd4 Bd6 52. Nc6 Rb1+ 53. Ke2 Rb2+ 54. Kf3 Rb3+ 55. Ke2 Bc5 56.
Nxa7 Re3+ 57. Kf1 g5 58. Nc6 Ke6 59. Nd4+ Bxd4 60. Rxd4 Ke5 61. Rd8 f5 62.
Kf2 Kf4 63. Rd4+ Re4 64. Rd8 Rb4 65. Rd2 Kg4 66. Rc2 f4 67. Rd2 Re4 68. Rc2
Re5 69. Rb2 Re3 70. Rb4 Kf5 71. Rc4 g4 72. Rc5+ Re5 73. Rc3 g3+ 74. Kf3 Kg5
75. Rd3 Kf5 76. Rc3 Rd5 77. Rb3 Ke5 78. Rb4 Rd3+ 79. Ke2 Re3+ 80. Kf1 Kf5
81. Rc4 Re5 82. Rb4 Kg4 83. Rc4 Rh5 84. Rb4 Rh1+ 85. Ke2 Rg1 {White resigns}
0-1

[Event "ICC tourney 1955 (60 10)"]
[Site "Internet Chess Club"]
[Date "2020.08.09"]
[Round "9"]
[White "pianoboy"]
[Black "JadenShaw"]
[Result "1-0"]
[ICCResult "Black resigns"]
[WhiteElo "1925"]
[BlackElo "1777"]
[Opening "King's Indian: Makagonov system (5.h3)"]
[ECO "E71"]
[NIC "KI.20"]
[Time "18:32:44"]
[TimeControl "3600+10"]

1. d4 Nf6 2. c4 g6 3. Nc3 Bg7 4. e4 d6 5. h3 O-O 6. Nf3 e5 7. d5 Nbd7 8. Bd3
a5 9. Be3 b6 10. Rb1 Nc5 11. Bc2 Nfd7 12. a3 f5 13. b4 Nxe4 14. Nxe4 fxe4
15. Ng5 Nf6 16. Nxe4 Nxe4 17. Bxe4 Bf5 18. Bxf5 gxf5 19. O-O f4 20. Bc1 axb4
21. axb4 Qd7 22. Qc2 f3 23. g4 h5 24. Qg6 hxg4 25. Qxg4 Qxg4+ 26. hxg4 Ra2
27. Be3 Rc2 28. Rfc1 Rxc1+ 29. Rxc1 Rf6 30. Kh2 Rg6 31. Kg3 e4 32. Kf4 Bh6+
33. Kxe4 Bxe3 34. Kxe3 Rxg4 35. Kxf3 Rd4 36. Ke3 Rh4 37. f3 b5 38. f4 Rh3+
39. Kd4 Rf3 40. Ke4 Rb3 41. cxb5 Rxb4+ 42. Kf5 Rxb5 43. Ke6 Rb4 44. f5 Re4+
45. Kf6 Re5 46. Rg1+ Kf8 47. Rc1 Rxd5 48. Rxc7 Kg8 49. Kg6 Rc5 50. Ra7 Rc8
51. f6 d5 52. Rg7+ Kf8 53. Rh7 Kg8 54. f7+ Kf8 55. Rh8+ Ke7 56. Rxc8
{Black resigns}
1-0

[Event "ICC tourney 1955 (60 10)"]
[Site "Internet Chess Club"]
[Date "2020.08.09"]
[Round "9"]
[White "SuperPuzzler"]
[Black "OctopusYule"]
[Result "1-0"]
[ICCResult "Black resigns"]
[WhiteElo "1977"]
[BlackElo "1811"]
[Opening "Ruy Lopez: Anderssen variation"]
[ECO "C77"]
[NIC "RL.12"]
[Time "18:31:59"]
[TimeControl "3600+10"]

1. e4 e5 2. Nf3 Nc6 3. Bb5 a6 4. Ba4 Nf6 5. d3 b5 6. Bb3 Bc5 7. O-O d6 8. c3
O-O 9. Nbd2 Ba7 10. Re1 Ng4 11. Re2 Be6 12. Nf1 Na5 13. Bc2 f5 14. d4 fxe4
15. Bxe4 d5 16. Bxh7+ Kh8 17. h3 Nh6 18. Bxh6 gxh6 19. Rxe5 Kxh7 20. Rxe6
Rf6 21. Qd3+ Kg7 22. Rae1 Qf8 23. Ng3 Rxe6 24. Rxe6 Re8 25. Qg6+ {Black
resigns} 1-0

[Event "ICC tourney 1955 (60 10)"]
[Site "Internet Chess Club"]
[Date "2020.08.09"]
[Round "9"]
[White "i2good4u734"]
[Black "blueeagle405"]
[Result "1-0"]
[ICCResult "Black resigns"]
[WhiteElo "2101"]
[BlackElo "1975"]
[Opening "Queen's pawn game"]
[ECO "A46"]
[NIC "QP.05"]
[Time "18:32:09"]
[TimeControl "3600+10"]

1. d4 Nf6 2. Nf3 e6 3. Bf4 c5 4. c3 Nc6 5. e3 d5 6. Nbd2 Qb6 7. Qb3 c4 8.
Qxb6 axb6 9. b3 b5 10. a4 b4 11. bxc4 bxc3 12. Nb3 Bb4 13. Kd1 Ne4 14. Bg3
Bd7 15. c5 Na5 16. Nxa5 Rxa5 17. Kc2 Bxa4+ 18. Rxa4 Rxa4 19. Bb5+ Ke7 20.
Bxa4 {Black resigns} 1-0

[Event "ICC tourney 1955 (60 10)"]
[Site "Internet Chess Club"]
[Date "2020.08.09"]
[Round "9"]
[White "Knightboy123"]
[Black "GoatsRock"]
[Result "0-1"]
[ICCResult "White checkmated"]
[WhiteElo "1631"]
[BlackElo "1595"]
[Opening "Pirc: classical, h3 system"]
[ECO "B08"]
[NIC "PU.10"]
[Time "18:31:49"]
[TimeControl "3600+10"]

1. e4 d6 2. d4 Nf6 3. Nc3 g6 4. Nf3 Bg7 5. h3 Nbd7 6. Bc4 O-O 7. Be3 e5 8.
d5 Nc5 9. Bxc5 dxc5 10. O-O Re8 11. Re1 a6 12. Bf1 b5 13. Qd2 Bb7 14. Nd1
Nxd5 15. exd5 Bxd5 16. Nc3 c6 17. Nxd5 cxd5 18. c3 e4 19. Nh2 f5 20. Rad1 d4
21. cxd4 cxd4 22. Qb4 d3 23. Qb3+ Kh8 24. f3 Bd4+ 25. Kh1 Bf2 26. Qc3+ Bd4
27. Qb3 Rc8 28. fxe4 fxe4 29. Bxd3 exd3 30. Rxe8+ Qxe8 31. Nf3 Qe3 32. Rxd3
Rc1+ 33. Kh2 Qf4+ 34. g3 Qe4 35. g4 Qf4+ 36. Kg2 Rg1+ 37. Nxg1 Qf2+ 38. Kh1
Qxg1# {White checkmated} 0-1

[Event "ICC tourney 1955 (60 10)"]
[Site "Internet Chess Club"]
[Date "2020.08.09"]
[Round "9"]
[White "Elieman"]
[Black "mangolamb"]
[Result "1-0"]
[ICCResult "Black resigns"]
[WhiteElo "2040"]
[BlackElo "2095"]
[Opening "Vienna game"]
[ECO "C28"]
[NIC "VG.02"]
[Time "18:32:09"]
[TimeControl "3600+10"]

1. e4 e5 2. Nc3 Nf6 3. Bc4 Nc6 4. d3 Bb4 5. Ne2 d5 6. exd5 Nxd5 7. O-O Bxc3
8. Nxc3 Nxc3 9. bxc3 O-O 10. f4 exf4 11. Bxf4 Na5 12. Bb5 c6 13. Ba4 b5 14.
Bb3 Nxb3 15. axb3 Bb7 16. Qg4 Kh8 17. Be3 Qe7 18. Rae1 Qc7 19. Bc5 Rfe8 20.
Bxa7 Rxe1 21. Rxe1 c5 22. Qg5 Qc6 23. Re2 Rc8 24. Qxc5 Qxc5+ 25. Bxc5 h5 26.
d4 Rc7 27. b4 g6 28. Re5 Rd7 29. Kf2 Kg7 30. g3 Bd5 31. Ke3 Be6 32. Kf4 Kf6
33. Bb6 Bd5 34. h4 Kg7 35. Re8 Be6 36. Bc5 Kf6 37. d5 Rxd5 38. Bd4+ Rxd4+
39. cxd4 {Black resigns} 1-0

[Event "ICC tourney 1955 (60 10)"]
[Site "Internet Chess Club"]
[Date "2020.08.09"]
[Round "9"]
[White "saanvichess"]
[Black "AlexEmmons"]
[Result "0-1"]
[ICCResult "White resigns"]
[WhiteElo "1648"]
[BlackElo "2045"]
[Opening "Sicilian: Pelikan, Chelyabinsk variation"]
[ECO "B33"]
[NIC "SI.37"]
[Time "18:32:40"]
[TimeControl "3600+10"]

1. e4 c5 2. Nf3 Nc6 3. d4 cxd4 4. Nxd4 Nf6 5. Nc3 e5 6. Ndb5 d6 7. Bg5 a6 8.
Na3 b5 9. Nd5 Be7 10. Bxf6 Bxf6 11. c4 b4 12. Nc2 O-O 13. Be2 a5 14. O-O Bg5
15. Qd3 Kh8 16. Rad1 f5 17. Bf3 g6 18. Nde3 Bxe3 19. fxe3 Rf6 20. exf5 Bxf5
21. e4 Bc8 22. c5 Ba6 23. Qd5 Ne7 24. Qd2 Bxf1 25. Kxf1 Qd7 26. cxd6 Nc6 27.
Kg1 Rd8 28. Qe3 Rxd6 29. Rd5 Kg7 30. h3 Qf7 31. a3 Qf6 32. axb4 Nxb4 33.
Nxb4 axb4 34. Qc5 Rxd5 35. exd5 Qd6 36. Qxd6 Rxd6 37. Kf2 Rf6 38. Ke3 Rf4
39. Bg4 Rd4 40. Bf3 Kf6 41. b3 Ke7 42. g3 Kd6 43. h4 Rxd5 44. Bxd5 Kxd5 45.
Kd3 e4+ 46. Ke3 Ke5 47. g4 h6 48. g5 h5 49. Ke2 Kd4 50. Kd2 e3+ 51. Ke2 Ke4
52. Ke1 Kd3 53. Kd1 Kc3 54. Ke2 Kxb3 55. Kxe3 Kc2 56. Kd4 b3 {White resigns}
0-1

[Event "ICC tourney 1955 (60 10)"]
[Site "Internet Chess Club"]
[Date "2020.08.09"]
[Round "9"]
[White "checkninja"]
[Black "VishyNo1"]
[Result "1-0"]
[ICCResult "Black checkmated"]
[WhiteElo "2004"]
[BlackElo "2043"]
[Opening "Two knights defense (Modern bishop's opening)"]
[ECO "C55"]
[NIC "IG.01"]
[Time "18:31:32"]
[TimeControl "3600+10"]

1. e4 e5 2. Nf3 Nc6 3. Bc4 Nf6 4. d3 Be7 5. O-O O-O 6. c3 d6 7. Nbd2 Na5 8.
Bb5 a6 9. Ba4 b5 10. Bc2 c5 11. Re1 Nc6 12. Nf1 Re8 13. Ng3 Bf8 14. h3 g6
15. a4 Bb7 16. Be3 Bg7 17. Qd2 Qe7 18. Bh6 d5 19. Bxg7 Kxg7 20. Qg5 Bc8 21.
axb5 h6 22. Qd2 Nb8 23. exd5 Qd6 24. Ne4 Qxd5 25. Nxf6 Kxf6 26. Qxh6 axb5
27. Rxa8 Qxa8 28. Ng5 Bb7 29. Nh7+ Ke6 30. Qg7 Nd7 31. Ng5+ Ke7 32. Qxf7+
Kd8 33. Ne6+ Rxe6 34. Qxe6 Bxg2 35. Qg8+ Kc7 36. Qxa8 Bxa8 37. Kh2 Kd6 38.
Kg3 Ke6 39. d4 cxd4 40. cxd4 Kf6 41. dxe5+ Nxe5 42. Be4 Bxe4 43. Rxe4 Nc4
44. Rxc4 bxc4 45. Kf4 g5+ 46. Ke4 Kg6 47. Kd4 Kh5 48. Kxc4 Kh4 49. b4 Kxh3
50. b5 Kg2 51. b6 Kxf2 52. b7 g4 53. b8=Q g3 54. Qf4+ Kg2 55. Kd3 Kh2 56.
Ke2 Kh1 57. Qf1+ Kh2 58. Kf3 g2 59. Qxg2# {Black checkmated} 1-0

[Event "ICC tourney 1955 (60 10)"]
[Site "Internet Chess Club"]
[Date "2020.08.09"]
[Round "9"]
[White "nboad"]
[Black "ajschess05"]
[Result "1-0"]
[ICCResult "Black resigns"]
[WhiteElo "1762"]
[BlackElo "1904"]
[Opening "Sicilian: Taimanov (Bastrikov) variation"]
[ECO "B47"]
[NIC "SI.40"]
[Time "18:32:00"]
[TimeControl "3600+10"]

1. e4 c5 2. Nf3 e6 3. d4 cxd4 4. Nxd4 Nc6 5. Nc3 Qc7 6. f4 a6 7. Be3 d6 8.
Qd2 Nf6 9. Be2 Be7 10. O-O-O O-O 11. g4 b5 12. g5 Ne8 13. f5 Nxd4 14. Bxd4
exf5 15. Nd5 Qd8 16. Bb6 Bxg5 17. Bxd8 Bxd2+ 18. Rxd2 f6 19. exf5 Bxf5 20.
Ba5 Kf7 21. Bf3 Ra7 22. Re1 g6 23. Rde2 Ng7 24. Re7+ Rxe7 25. Rxe7+ Kg8 26.
Bc3 Rc8 27. Nxf6+ Kf8 28. Nd5 Ne6 29. Rxh7 Rc4 30. Ne3 Rf4 31. Rh8+ Kf7 32.
Bd5 b4 33. Be1 Kg7 34. Rh4 Rxh4 35. Nxf5+ gxf5 36. Bxh4 Nd4 37. Be7 f4 38.
Bxd6 Kg6 39. Kd2 Kg5 40. Bxb4 Kg4 41. Bc5 Nf5 42. Be6 Kh3 43. Bxf5+ Kxh2 44.
c4 f3 45. Be3 Kg3 46. c5 f2 47. Bxf2+ Kxf2 48. c6 {Black resigns} 1-0

[Event "ICC tourney 1955 (60 10)"]
[Site "Internet Chess Club"]
[Date "2020.08.09"]
[Round "9"]
[White "Knightoffaith"]
[Black "Zuiopal"]
[Result "1/2-1/2"]
[ICCResult "Game drawn by mutual agreement"]
[WhiteElo "1867"]
[BlackElo "1739"]
[Opening "Caro-Kann: Tartakower (Nimzovich) variation"]
[ECO "B15"]
[NIC "CK.06"]
[Time "18:32:05"]
[TimeControl "3600+10"]

1. e4 c6 2. d4 d5 3. Nd2 dxe4 4. Nxe4 Nf6 5. Nxf6+ exf6 6. c3 Bd6 7. Bd3 O-O
8. Qc2 Re8+ 9. Ne2 g6 10. Be3 Qc7 11. h3 Nd7 12. O-O-O b5 13. c4 bxc4 14.
Bxc4 Rb8 15. Nc3 a6 16. Rhe1 Bb7 17. g3 Nb6 18. Bd3 Rec8 19. h4 Nd5 20. Nxd5
cxd5 21. Qxc7 Rxc7+ 22. Kb1 Rbc8 23. Rc1 a5 24. Rxc7 Rxc7 25. Rc1 Rxc1+ 26.
Kxc1 Bc6 {Game drawn by mutual agreement} 1/2-1/2

[Event "ICC tourney 1955 (60 10)"]
[Site "Internet Chess Club"]
[Date "2020.08.09"]
[Round "9"]
[White "rabbitAAAA"]
[Black "minitotoro"]
[Result "1-0"]
[ICCResult "Black resigns"]
[WhiteElo "1830"]
[BlackElo "1590"]
[Opening "Grünfeld: modern exchange variation"]
[ECO "D90"]
[NIC "GI.07"]
[Time "18:31:52"]
[TimeControl "3600+10"]

1. d4 Nf6 2. Nf3 g6 3. c4 Bg7 4. Nc3 d5 5. cxd5 Nxd5 6. e4 Nxc3 7. bxc3 c5
8. Be2 Nc6 9. Be3 Bg4 10. Qa4 Bxf3 11. Bxf3 cxd4 12. Rd1 e5 13. cxd4 exd4
14. e5 Qc7 15. Bxd4 O-O 16. Bxc6 bxc6 17. f4 Rfd8 18. O-O Rd5 19. Rc1 Qd7
20. Bf2 Bh6 21. g3 Rc8 22. Qxa7 Qxa7 23. Bxa7 Ra5 24. Bf2 Rxa2 25. Rc4 Ra6
26. Rfc1 Kf8 27. Bc5+ Ke8 28. Bd6 Bf8 29. Rd1 Ra2 30. Bxf8 Kxf8 31. Rdc1 Ra6
32. Kg2 Ke7 33. Kf3 Kd7 34. Rd4+ Kc7 35. Rcd1 Kb6 36. Rd7 Rf8 37. Rb1+ Kc5
38. Rbb7 h5 39. Rxf7 Ra3+ 40. Kg2 Rd8 41. Rfd7 Rda8 42. Rd2 Rg8 43. Re2 g5
44. f5 Rf8 45. e6 Raa8 {Black resigns} 1-0

[Event "ICC tourney 1955 (60 10)"]
[Site "Internet Chess Club"]
[Date "2020.08.09"]
[Round "9"]
[White "tclaneva"]
[Black "MikeWMason"]
[Result "1/2-1/2"]
[ICCResult "Game drawn by mutual agreement"]
[WhiteElo "1916"]
[BlackElo "1805"]
[Opening "Petrov: Nimzovich attack"]
[ECO "C42"]
[NIC "RG.03"]
[Time "18:32:23"]
[TimeControl "3600+10"]

1. e4 e5 2. Nf3 Nf6 3. Nxe5 d6 4. Nf3 Nxe4 5. Nc3 Nxc3 6. dxc3 Be7 7. Bd3
Nc6 8. Bf4 Be6 9. Qe2 Qd7 10. O-O-O O-O-O 11. Rhe1 Bf6 12. Kb1 Rhe8 13. Qd2
h6 14. Bg3 Bf5 15. Bxf5 Qxf5 16. Nd4 Nxd4 17. cxd4 d5 18. Qa5 Qd7 19. Qxa7
Qc6 20. Be5 Kd7 21. Bxf6 Ra8 22. Qc5 Qxc5 23. dxc5 Rxe1 24. Rxe1 gxf6 25. b4
Rg8 26. g3 Rg4 27. f4 h5 28. Re3 h4 29. Kb2 hxg3 30. hxg3 Rg8 31. Kb3 Rh8
32. c4 c6 33. a4 Rh1 34. cxd5 cxd5 35. b5 Rb1+ 36. Kc3 Rc1+ 37. Kd4 Rd1+ 38.
Rd3 Ra1 39. Kxd5 Rxa4 40. Rd4 Ra3 41. g4 Re3 42. Ra4 Rd3+ 43. Ke4 Rc3 44.
Kf5 Rxc5+ 45. Kxf6 Rxb5 46. Kxf7 Rd5 47. g5 b5 48. Rb4 Kc6 49. g6 Kc5 50.
Rb1 Rf5+ 51. Ke6 Rxf4 52. g7 Rg4 53. Kf7 b4 54. g8=Q Rxg8 55. Kxg8 Kc4 56.
Kf7 b3 57. Ke6 Kc3 58. Kd5 {Game drawn by mutual agreement} 1/2-1/2

[Event "ICC tourney 1955 (60 10)"]
[Site "Internet Chess Club"]
[Date "2020.08.09"]
[Round "9"]
[White "staxxknight"]
[Black "matein7"]
[Result "1-0"]
[ICCResult "Black resigns"]
[WhiteElo "1836"]
[BlackElo "1908"]
[Opening "Sicilian: Smith-Morra gambit"]
[ECO "B21"]
[NIC "SI.47"]
[Time "18:32:06"]
[TimeControl "3600+10"]

1. e4 c5 2. d4 cxd4 3. c3 Nf6 4. e5 Nd5 5. Qxd4 e6 6. Nf3 Nc6 7. Qe4 Be7 8.
Qg4 Bf8 9. Bb5 Qb6 10. Bc4 Nde7 11. O-O Ng6 12. Qe4 Qc7 13. Re1 Ncxe5 14.
Nxe5 Nxe5 15. Bxe6 dxe6 16. Qxe5 Bd6 17. Qxg7 Rf8 18. Qxh7 Bd7 19. Bh6 Bxh2+
20. Kh1 Bd6 21. Bxf8 Bxf8 22. Nd2 O-O-O 23. Rad1 Bd6 24. Nf3 Bc6 25. Ng5 Rf8
26. Qg7 Qd8 27. Re3 Rg8 28. Rxd6 Rxg7 29. Rxd8+ Kxd8 30. Rg3 Ke7 31. Kg1 f6
32. Ne4 Rh7 33. Re3 Rg7 34. f3 b6 35. c4 f5 36. Nc3 Kf6 37. Kf2 a6 38. Rd3
Ke5 39. b4 a5 40. b5 Ba8 41. Na4 Rb7 42. Rd8 Ra7 43. Nxb6 Bb7 44. a4 f4 45.
Rd7 Kf6 46. c5 e5 47. c6 Ke6 48. cxb7 {Black resigns} 1-0

[Event "ICC tourney 1955 (60 10)"]
[Site "Internet Chess Club"]
[Date "2020.08.09"]
[Round "9"]
[White "jairam09"]
[Black "playtowin2020"]
[Result "0-1"]
[ICCResult "White resigns"]
[WhiteElo "1820"]
[BlackElo "1956"]
[Opening "Queen's pawn: London system"]
[ECO "A45"]
[NIC "QP.07"]
[Time "18:32:23"]
[TimeControl "3600+10"]

1. d4 Nf6 2. Bf4 e6 3. e3 c5 4. Nf3 Nc6 5. c3 d5 6. Nbd2 Qb6 7. Rb1 cxd4 8.
exd4 Be7 9. Bd3 O-O 10. O-O Bd7 11. h3 Rac8 12. Re1 Rfd8 13. Ne5 Be8 14. Bh2
Bf8 15. f4 Nd7 16. Qe2 Ndxe5 17. fxe5 a6 18. Kh1 Qa7 19. Rf1 b5 20. a3 Rb8
21. Qh5 f5 22. Qf3 a5 23. g4 g6 24. gxf5 exf5 25. Rg1 Kh8 26. Qg2 Bg7 27.
Nf3 b4 28. axb4 axb4 29. Ra1 Qb6 30. Bxf5 bxc3 31. bxc3 Qb3 32. Rac1 Ra8 33.
Bb1 Bh6 34. Ng5 Qb7 35. Qf3 Ra1 36. Ne6 Rb8 37. Rcf1 Qe7 38. Nc5 Ra3 39. Qd3
Rb2 40. Qf3 Nxd4 41. Qxd5 Bc6 {White resigns} 0-1